 Dungeon Crawl Stone Soup version 0.18.1-5-g4a78601 (webtiles) character file.

92 Guinours the Ducker (level 4, 0/34 HPs)
             Began as a Demonspawn Gladiator on May 12, 2016.
             Was an Initiate of Makhleb.
             Succumbed to a worker ant's poison
             ... on level 4 of the Dungeon.
             The game lasted 00:08:14 (1226 turns).

Guinours the Ducker (Demonspawn Gladiator)          Turns: 1226, Time: 00:08:15

Health: 0/34       AC:  7    Str: 15    XL:     4   Next: 35%
Magic:  4/4        EV: 12    Int: 10    God:    Makhleb [......]
Gold:   126        SH:  0    Dex: 14    Spells: 0 memorised, 3 levels left

rFire  . . .     SeeInvis .     a - +0 long sword
rCold  . . .     Gourm    .     l - +0 ring mail
rNeg   . . .     Faith    .     (no shield)
rPois  .         Spirit   .     c - +0 helmet
rElec  .         Dismiss  .     o - +0 cloak
rCorr  .         Reflect  .     (no gloves)
SustAt .         Harm     .     (no boots)
MR     .....                    (no amulet)
Stlth  ..........               (no ring)
                                i - ring of wizardry

@: lethally poisoned (0 -> -12), not resistant to hostile enchantments,
extremely unstealthy
A: hooves 2
a: Renounce Religion


You were on level 4 of the Dungeon.
You worshipped Makhleb.
Makhleb was noncommittal.
You were not hungry.

You visited 1 branch of the dungeon, and saw 3 of its levels.

You collected 126 gold pieces.

Inventory:

Hand Weapons
 a - a +0 long sword (weapon)
Missiles
 d - 3 throwing nets
 k - 7 javelins (quivered)
Armour
 b - a +0 leather armour
 c - a +0 helmet (worn)
 l - a +0 ring mail (worn)
 o - a +0 cloak (worn)
Jewellery
 i - a ring of wizardry (left hand)
Scrolls
 e - 2 scrolls of identify
 g - 2 scrolls of remove curse
 q - a scroll of magic mapping {unknown}
Potions
 p - a potion of brilliance {unknown}
Comestibles
 f - a bread ration
 h - a meat ration
 m - a slice of pizza
 n - 7 fruits


   Skills:
 + Level 2.6 Fighting
 + Level 3.2 Long Blades
 + Level 1.9 Throwing
 + Level 0.6 Armour
 + Level 3.7 Dodging
 + Level 0.2 Stealth


You had 3 spell levels left.
You didn't know any spells.

Dungeon Overview and Level Annotations

Branches:
Dungeon (2/15)

Altars:
Makhleb


Innate Abilities, Weirdness & Mutations

You have hoof-like feet.


Message History

The worker ant is heavily wounded.
You feel sick.
The worker ant bites you but does no damage.
You hit the worker ant but do no damage.
The worker ant is heavily wounded.
You feel sick. The worker ant bites you.
* * * LOW HITPOINT WARNING * * *
The worker ant bites you.
* * * LOW HITPOINT WARNING * * *
You barely miss the worker ant.
The worker ant is heavily wounded.
* * * LOW HITPOINT WARNING * * *
You feel sick. The worker ant closely misses you.
You hit the worker ant.
The worker ant is severely wounded.
* * * LOW HITPOINT WARNING * * *
You feel sick. The worker ant closely misses you.
You barely miss the worker ant.
The worker ant is severely wounded.
You die...

#.# #.#
#.# #.#
###.##
....
###.######
#....@a..#
#.#.####.#
# #....#
####.# #


You could see a worker ant.

Vanquished Creatures
  A hound (D:2)
  2 adders (D:2)
  An ooze (D:2)
  A dart slug (D:2)
  A giant gecko (D:1)
  A ball python (D:2)
  4 bats
  3 giant cockroaches
  4 goblins (D:1)
  5 hobgoblins
  A quokka (D:2)
  5 giant newts
  5 kobolds
  5 rats
39 creatures vanquished.

Notes
Turn   | Place    | Note
--------------------------------------------------------------
     0 | D:1      | Guinours the Demonspawn Gladiator began the quest for the Orb.
     0 | D:1      | Reached XP level 1. HP: 16/16 MP: 1/1
   219 | D:1      | Gained mutation: You have large cloven feet. [demonic ancestry]
   219 | D:1      | Reached XP level 2. HP: 18/22 MP: 2/2
   923 | D:2      | Reached XP level 3. HP: 20/28 MP: 3/3
  1038 | D:2      | Found a burning altar of Makhleb.
  1047 | D:2      | Became a worshipper of Makhleb the Destroyer
  1075 | D:2      | Gained mutation: You have hoof-like feet. [demonic ancestry]
  1075 | D:2      | Reached XP level 4. HP: 27/34 MP: 4/4
  1211 | D:2      | You fall through a shaft for 2 floors!
  1226 | D:4      | Succumbed to a worker ant's poison

Skill      XL: |  1  2 |
---------------+-------+-----
Long Blades    | 3 |  3.2
Dodging        | 3 |  3.7
Fighting       | |  2.6
Throwing       | |  1.9
Armour         | |  0.6
Stealth        | |  0.2

Action                   |  1- 3 |  4- 6 || total
-------------------------+-------+-------++-------
Melee: Long sword        |    86 |    35 ||   121
       Kick              |     8 |     8 ||    16
Throw: Javelin           |     1 |       ||     1
  Use: Scroll            |     3 |     1 ||     4
  Eat: Beef jerky        |       |     1 ||     1
Armor: Leather armour    |    22 |       ||    22
       Ring mail         |    30 |    16 ||    46
Dodge: Dodged            |    78 |    32 ||   110
